TOP OF THE 1ST |
Eau Claire Esquires batting - Pitching for Salem Sledgehammers : RHP Carlos Morán
|
Pitching: RHP Carlos Morán
|
|
Batting: RHB Nelson Castro
|
0-0: Called Strike 0-1: Ball 1-1: Called Strike 1-2: Ball 2-2: Foul Ball, location: 2F 2-2: Ball 3-2: Base on Balls
|
Batting: LHB Pedro Díaz
|
0-0: Called Strike 0-1: Ball 1-1: SINGLE (Groundball, 34) Nelson Castro to second Runner from 2nd tries for 3rd, SAFE, no throw or cutoff
|
Batting: RHB Esteban Lara
|
0-0: Called Strike 0-1: Ball 1-1: Ball 2-1: Ball 3-1: SINGLE (Line Drive, 89S) Nelson Castro scores Pedro Díaz to second Runner from 2nd tries for 3rd, SAFE, throw made to third
|
Batting: RHB Félix Gonzáles
|
0-0: 3-RUN HOME RUN (Flyball, 7D), Distance : 391 ft
|
Batting: LHB José Martínez
|
0-0: Ball 1-0: Called Strike 1-1: Foul Ball, location: 2F 1-2: Ground out 3-1 (Groundball, 34)
|
Batting: RHB Terry Perkins
|
0-0: Called Strike 0-1: Swinging Strike 0-2: Ball 1-2: Fly out, F7 (Flyball, 7M)
|
Batting: RHB Luis Pérez
|
0-0: Ball 1-0: Foul Ball, location: 2F 1-1: Foul Ball, location: 2F 1-2: Foul Ball, location: 2F 1-2: Strikes out swinging
|
Top of the 1st over - 4 run(s), 3 hit(s), 0 error(s), 0 left on base; Eau Claire 4 - Salem 0 |
BOTTOM OF THE 1ST |
Salem Sledgehammers batting - Pitching for Eau Claire Esquires : RHP Arthur López
|
Pitching: RHP Arthur López
|
|
Batting: RHB Luis Bustamante
|
0-0: Ball 1-0: Called Strike 1-1: Foul Ball, location: 2F 1-2: Ground out 6-3 (Groundball, 6)
|
Batting: LHB José Rivera
|
0-0: Called Strike 0-1: Ball 1-1: Ball 2-1: DOUBLE (Flyball, 78D)
|
Batting: LHB Nathan Frey
|
0-0: Ball 1-0: Ground out U3 (Groundball, 3) José Rivera to third
|
Batting: SHB Júlio Salazar
|
0-0: Foul Ball, location: 2F 0-1: Called Strike 0-2: Ball 1-2: Ball 2-2: Ball 3-2: SINGLE (Flyball, 7S) José Rivera scores
|
Batting: RHB Bobby Miller
|
0-0: Ball Balk! Júlio Salazar to second 1-0: Called Strike 1-1: Fly out, F6 (Popup, 56)
|
Bottom of the 1st over - 1 run(s), 2 hit(s), 0 error(s), 1 left on base; Eau Claire 4 - Salem 1 |
TOP OF THE 2ND |
Eau Claire Esquires batting - Pitching for Salem Sledgehammers : RHP Carlos Morán
|
Batting: RHB David Alonso
|
0-0: Ball 1-0: Ball 2-0: Called Strike 2-1: Foul Ball, location: 2F 2-2: Fly out, F3 (Line Drive, 3S)
|
Batting: RHB Jason Stover
|
0-0: Ball 1-0: Fly out, F4 (Popup, 4)
|
Batting: RHB Nelson Castro
|
0-0: Called Strike 0-1: Swinging Strike 0-2: Foul Ball, location: 2F 0-2: Ball 1-2: Foul Ball, location: 2F 1-2: Ball 2-2: Ball 3-2: Base on Balls
|
Batting: LHB Pedro Díaz
|
0-0: Called Strike 0-1: Ball 1-1: Ball 2-1: Called Strike 2-2: Strikes out swinging
|
Top of the 2nd over - 0 run(s), 0 hit(s), 0 error(s), 1 left on base; Eau Claire 4 - Salem 1 |
BOTTOM OF THE 2ND |
Salem Sledgehammers batting - Pitching for Eau Claire Esquires : RHP Arthur López
|
Batting: RHB José García
|
0-0: Ball 1-0: Ball 2-0: Called Strike 2-1: DOUBLE (Groundball, 3L)
|
Batting: RHB Gilberto Silva
|
0-0: Ball 1-0: Ball 2-0: Swinging Strike 2-1: SINGLE (Groundball, 56D) José García to third Runner from 3rd tries for Home, SAFE, no throw or cutoff
|
Batting: LHB Caleb Hall
|
0-0: Ball 1-0: Fly out, F6 (Popup, 6MD)
|
Batting: RHB Patrick Daniels
|
0-0: Called Strike 0-1: Ball 1-1: Ball 2-1: Called Strike 2-2: Ground out 3-1 (Groundball, 34) Gilberto Silva to second
|
Batting: RHB Luis Bustamante
|
0-0: Called Strike 0-1: Called Strike 0-2: Foul Ball, location: 2F 0-2: Ball 1-2: SINGLE (Groundball, 56) Gilberto Silva to third Runner from 3rd tries for Home, SAFE, no throw or cutoff
|
Batting: LHB José Rivera
|
0-0: Called Strike 0-1: Foul Ball, location: 2F 0-2: Ball 1-2: Strikes out swinging
|
Bottom of the 2nd over - 2 run(s), 3 hit(s), 0 error(s), 1 left on base; Eau Claire 4 - Salem 3 |
TOP OF THE 3RD |
Eau Claire Esquires batting - Pitching for Salem Sledgehammers : RHP Carlos Morán
|
Batting: RHB Esteban Lara
|
0-0: Ball 1-0: Foul Ball, location: 2F 1-1: Swinging Strike 1-2: Ball 2-2: Foul Ball, location: 2F 2-2: Strikes out swinging
|
Batting: RHB Félix Gonzáles
|
0-0: Called Strike 0-1: Ball 1-1: Foul Ball, location: 2F 1-2: Strikes out looking
|
Batting: LHB José Martínez
|
0-0: Ball 1-0: Foul Ball, location: 2F 1-1: Ball 2-1: Swinging Strike 2-2: Foul Ball, location: 2F 2-2: Ball 3-2: Foul Ball, location: 2F 3-2: SINGLE (Groundball, 34D)
|
Batting: RHB Terry Perkins
|
0-0: Ball 1-0: Fly out, F8 (Flyball, 8LM)
|
Top of the 3rd over - 0 run(s), 1 hit(s), 0 error(s), 1 left on base; Eau Claire 4 - Salem 3 |
BOTTOM OF THE 3RD |
Salem Sledgehammers batting - Pitching for Eau Claire Esquires : RHP Arthur López
|
Batting: LHB Nathan Frey
|
0-0: Called Strike 0-1: Foul Ball, location: 2F 0-2: Foul Ball, location: 2F 0-2: Ball 1-2: SINGLE (Groundball, 25) (infield hit)
|
Batting: SHB Júlio Salazar
|
0-0: Called Strike 0-1: Ball 1-1: Foul Ball, location: 2F 1-2: Foul Ball, location: 2F 1-2: Fly out, F3 (Line Drive, 34)
|
Batting: RHB Bobby Miller
|
0-0: Ball 1-0: Ball 2-0: Foul Ball, location: 2F 2-1: Foul Ball, location: 2F 2-2: Ball 3-2: Foul Ball, location: 2F 3-2: Strikes out swinging
|
Batting: RHB José García
|
0-0: Foul Ball, location: 2F 0-1: Called Strike 0-2: Ball 1-2: Strikes out swinging
|
Bottom of the 3rd over - 0 run(s), 1 hit(s), 0 error(s), 1 left on base; Eau Claire 4 - Salem 3 |
TOP OF THE 4TH |
Eau Claire Esquires batting - Pitching for Salem Sledgehammers : RHP Carlos Morán
|
Batting: RHB Luis Pérez
|
0-0: Ball 1-0: Ball 2-0: Called Strike 2-1: Ball 3-1: Base on Balls
|
Batting: RHB David Alonso
|
0-0: Ball Luis Pérez steals 2nd base 1-0: Ground out 6-3 (Groundball, 56)
|
Batting: RHB Jason Stover
|
0-0: Called Strike 0-1: Foul Ball, location: 2F 0-2: Foul Ball, location: 2F 0-2: Ball 1-2: Foul Ball, location: 2F 1-2: Foul Ball, location: 2F 1-2: Strikes out swinging
|
Batting: RHB Nelson Castro
|
0-0: Ball 1-0: Foul Ball, location: 2F 1-1: Swinging Strike 1-2: Strikes out swinging
|
Top of the 4th over - 0 run(s), 0 hit(s), 0 error(s), 1 left on base; Eau Claire 4 - Salem 3 |
BOTTOM OF THE 4TH |
Salem Sledgehammers batting - Pitching for Eau Claire Esquires : RHP Arthur López
|
Batting: RHB Gilberto Silva
|
0-0: DOUBLE (Flyball, 7D)
|
Batting: LHB Caleb Hall
|
0-0: Ball 1-0: Foul Ball, location: 2F 1-1: Ball 2-1: Ball 3-1: Foul Ball, location: 2F 3-2: Strikes out looking
|
Batting: RHB Patrick Daniels
|
0-0: Called Strike 0-1: Swinging Strike 0-2: Strikes out swinging
|
Batting: RHB Luis Bustamante
|
0-0: Ball 1-0: Called Strike 1-1: Ball 2-1: SINGLE (Line Drive, 6M) Gilberto Silva to third Runner from 3rd tries for Home, SAFE, no throw or cutoff
|
Batting: LHB José Rivera
|
0-0: Ball 1-0: Ground out 2-3 (Groundball, 2L)
|
Bottom of the 4th over - 1 run(s), 2 hit(s), 0 error(s), 1 left on base; Eau Claire 4 - Salem 4 |
TOP OF THE 5TH |
Eau Claire Esquires batting - Pitching for Salem Sledgehammers : RHP Carlos Morán
|
Pitching: LHP Sean Yarbrough
|
|
Batting: LHB Pedro Díaz
|
0-0: Ball 1-0: Ball 2-0: TRIPLE (Line Drive, 9LM)
|
Batting: RHB Esteban Lara
|
0-0: Called Strike 0-1: Swinging Strike 0-2: Strikes out swinging
|
Batting: RHB Félix Gonzáles
|
0-0: Intentional Walk
|
Batting: LHB José Martínez
|
0-0: Ball 1-0: Foul Ball, location: 2F 1-1: Ball 2-1: Called Strike 2-2: Ball 3-2: Strikes out swinging
|
Batting: RHB Terry Perkins
|
0-0: Called Strike 0-1: Ball 1-1: Reached on error, E4 (Groundball, 4) Pedro Díaz scores Félix Gonzáles to second
|
Batting: RHB Luis Pérez
|
0-0: Called Strike 0-1: Swinging Strike 0-2: Foul Ball, location: 2F 0-2: Strikes out swinging
|
Top of the 5th over - 1 run(s), 1 hit(s), 1 error(s), 2 left on base; Eau Claire 5 - Salem 4 |
BOTTOM OF THE 5TH |
Salem Sledgehammers batting - Pitching for Eau Claire Esquires : RHP Arthur López
|
Batting: LHB Nathan Frey
|
0-0: Called Strike 0-1: Ball 1-1: Called Strike 1-2: Ball 2-2: Ball 3-2: Base on Balls
|
Pitching: RHP Orsino Ortíz
|
|
Batting: SHB Júlio Salazar
|
0-0: Foul Ball, location: 2F 0-1: Ball 1-1: Foul Ball, location: 2F 1-2: Fielders Choice at 2nd, 4-6 (Groundball, 34)
|
Batting: RHB Bobby Miller
|
0-0: Called Strike 0-1: Ball 1-1: Ball 2-1: Foul Ball, location: 2F 2-2: Strikes out swinging
|
Batting: RHB José García
|
0-0: Ball Júlio Salazar steals 2nd base 1-0: Ground out 3-4 (Groundball, 3)
|
Bottom of the 5th over - 0 run(s), 0 hit(s), 0 error(s), 1 left on base; Eau Claire 5 - Salem 4 |
TOP OF THE 6TH |
Eau Claire Esquires batting - Pitching for Salem Sledgehammers : LHP Sean Yarbrough
|
Batting: RHB David Alonso
|
0-0: Called Strike 0-1: Swinging Strike 0-2: Ball 1-2: Ball 2-2: Foul Ball, location: 2F 2-2: Foul Ball, location: 2F 2-2: Strikes out swinging
|
Batting: RHB Jason Stover
|
0-0: Ball 1-0: Called Strike 1-1: Ball 2-1: Ball 3-1: Base on Balls
|
Batting: RHB Nelson Castro
|
0-0: Ball 1-0: Ball 2-0: Ball 3-0: Called Strike 3-1: Swinging Strike 3-2: Fielders Choice at 2nd, 6-4 (Groundball, 6M)
|
Batting: LHB Pedro Díaz
|
0-0: Called Strike 0-1: Ground out 4-3 (Groundball, 34)
|
Top of the 6th over - 0 run(s), 0 hit(s), 0 error(s), 1 left on base; Eau Claire 5 - Salem 4 |
BOTTOM OF THE 6TH |
Salem Sledgehammers batting - Pitching for Eau Claire Esquires : RHP Orsino Ortíz
|
Batting: RHB Gilberto Silva
|
0-0: Ball 1-0: Called Strike 1-1: Swinging Strike 1-2: Strikes out swinging
|
Batting: LHB Caleb Hall
|
0-0: Ball 1-0: SINGLE (Line Drive, 9LS)
|
Batting: RHB Patrick Daniels
|
0-0: Foul Ball, location: 2F 0-1: Swinging Strike 0-2: Strikes out swinging
|
Batting: RHB Luis Bustamante
|
0-0: Ball 1-0: Ball 2-0: Ground out 6-3 (Groundball, 6)
|
Bottom of the 6th over - 0 run(s), 1 hit(s), 0 error(s), 1 left on base; Eau Claire 5 - Salem 4 |
TOP OF THE 7TH |
Eau Claire Esquires batting - Pitching for Salem Sledgehammers : LHP Sean Yarbrough
|
Pitching: RHP Blake Koepke
|
|
Batting: RHB Esteban Lara
|
0-0: Called Strike 0-1: Foul Ball, location: 2F 0-2: Ball 1-2: Foul Ball, location: 2F 1-2: DOUBLE (Flyball, 9LM)
|
Batting: RHB Félix Gonzáles
|
0-0: Intentional Walk
|
Pitching: LHP Pepe Gómez
|
|
Batting: LHB José Martínez
|
0-0: Ball 1-0: Ball 2-0: Foul Ball, location: 2F 2-1: Called Strike 2-2: Strikes out swinging
|
Pitching: LHP Ken Johnston
|
|
Pinch Hitting: LHB Jesús Bueno
|
0-0: Swinging Strike 0-1: Ball 1-1: SINGLE (Popup, 8LS) Esteban Lara to third Félix Gonzáles to second Runner from 3rd tries for Home, SAFE, no throw or cutoff
|
Batting: RHB Luis Pérez
|
0-0: Called Strike 0-1: Swinging Strike 0-2: Strikes out swinging
|
Pinch Hitting: RHB Fernando Castellanos
|
0-0: Ball 1-0: Ball 2-0: Reached on error, E4 (Groundball, 4) Félix Gonzáles to third Jesús Bueno to second
|
Batting: RHB Jason Stover
|
0-0: Fly out, F7 (Flyball, 78M)
|
Top of the 7th over - 1 run(s), 2 hit(s), 1 error(s), 3 left on base; Eau Claire 6 - Salem 4 |
BOTTOM OF THE 7TH |
Salem Sledgehammers batting - Pitching for Eau Claire Esquires : RHP Orsino Ortíz
|
Pitching: RHP José Rivera
|
|
Now at 1B: Pancho Álvarez
|
|
Now in LF: Jesús Bueno
|
|
Batting: LHB José Rivera
|
0-0: Ball 1-0: SINGLE (Line Drive, 4MD)
|
Batting: LHB Nathan Frey
|
0-0: Ball 1-0: Ball 2-0: Swinging Strike 2-1: Ball 3-1: Foul Ball, location: 2F 3-2: Foul Ball, location: 2F 3-2: Fly out, F8 (Line Drive, 8LS) 3-2: Fly out, F8 (Line Drive, 8LS)
|
Batting: SHB Júlio Salazar
|
0-0: Ball 1-0: Ball 2-0: Called Strike 2-1: Fly out, F9 (Popup, 4D)
|
Batting: RHB Bobby Miller
|
0-0: Ball 1-0: Fly out, F8 (Flyball, 8LM)
|
Bottom of the 7th over - 0 run(s), 1 hit(s), 0 error(s), 1 left on base; Eau Claire 6 - Salem 4 |
TOP OF THE 8TH |
Eau Claire Esquires batting - Pitching for Salem Sledgehammers : LHP Ken Johnston
|
Batting: RHB Nelson Castro
|
0-0: Called Strike 0-1: Ball 1-1: Ball 2-1: Ball 3-1: Foul Ball, location: 2F 3-2: SINGLE (Groundball, 56D) (infield hit)
|
Batting: LHB Pedro Díaz
|
0-0: SINGLE (Flyball, 7LS) Nelson Castro to second
|
Batting: RHB Esteban Lara
|
0-0: Ball Nelson Castro is caught stealing 3rd base Pedro Díaz to second 1-0: Ball 2-0: Ball 3-0: Called Strike 3-1: Base on Balls
|
Batting: RHB Félix Gonzáles
|
0-0: Called Strike 0-1: Called Strike 0-2: Ball 1-2: Ball 2-2: Ball 3-2: Foul Ball, location: 2F 3-2: Foul Ball, location: 2F 3-2: Strikes out looking
|
Batting: LHB José Martínez
|
0-0: Fly out, F8 (Flyball, 8RM)
|
Top of the 8th over - 0 run(s), 2 hit(s), 0 error(s), 2 left on base; Eau Claire 6 - Salem 4 |
BOTTOM OF THE 8TH |
Salem Sledgehammers batting - Pitching for Eau Claire Esquires : RHP José Rivera
|
Batting: RHB José García
|
0-0: Swinging Strike 0-1: Ground out 5-3 (Groundball, 15S)
|
Batting: RHB Gilberto Silva
|
0-0: Ground out 2-3 (Groundball, 2R)
|
Batting: LHB Caleb Hall
|
0-0: Foul Ball, location: 2F 0-1: Ball 1-1: Foul Ball, location: 2F 1-2: DOUBLE (Flyball, 89M)
|
Pitching: RHP Kel Rosewarne
|
|
Batting: RHB Patrick Daniels
|
0-0: Ball 1-0: Ball 2-0: Ball 3-0: Swinging Strike 3-1: Swinging Strike 3-2: Strikes out looking
|
Bottom of the 8th over - 0 run(s), 1 hit(s), 0 error(s), 1 left on base; Eau Claire 6 - Salem 4 |
TOP OF THE 9TH |
Eau Claire Esquires batting - Pitching for Salem Sledgehammers : LHP Ken Johnston
|
Batting: LHB Jesús Bueno
|
0-0: Swinging Strike 0-1: Foul Ball, location: 2F 0-2: Ground out 3-1 (Groundball, 34)
|
Batting: RHB Luis Pérez
|
0-0: Ball 1-0: Ground out 6-3 (Groundball, 6M)
|
Batting: LHB Pancho Álvarez
|
0-0: Called Strike 0-1: Ball 1-1: Called Strike 1-2: Foul Ball, location: 2F 1-2: Strikes out swinging
|
Top of the 9th over - 0 run(s), 0 hit(s), 0 error(s), 0 left on base; Eau Claire 6 - Salem 4 |
BOTTOM OF THE 9TH |
Salem Sledgehammers batting - Pitching for Eau Claire Esquires : RHP Kel Rosewarne
|
Pitching: RHP Neil Birss
|
|
Batting: RHB Luis Bustamante
|
0-0: Ball 1-0: Ball 2-0: Ball 3-0: Base on Balls
|
Batting: LHB José Rivera
|
0-0: Ball 1-0: Called Strike 1-1: Called Strike 1-2: DOUBLE (Line Drive, 4D) Luis Bustamante to third
|
Batting: LHB Nathan Frey
|
0-0: Ground out U3 (Groundball, 3)
|
Batting: SHB Júlio Salazar
|
0-0: Called Strike 0-1: Ball Wild Pitch! Luis Bustamante scores José Rivera to third 1-1: Foul Ball, location: 2F 1-2: Strikes out swinging
|
Batting: RHB Bobby Miller
|
0-0: Foul Ball, location: 2F 0-1: Ball 1-1: Ball 2-1: Called Strike 2-2: Ball 3-2: Strikes out swinging
|
Bottom of the 9th over - 1 run(s), 1 hit(s), 0 error(s), 1 left on base; Eau Claire 6 - Salem 5 |
|